 Dungeon Crawl Stone Soup version 0.30.1-9-gdf580d7c3d (webtiles) character file.

Game seed: 17198038968355820188

105 monsoonserge the Shooter (level 4, -6/23 HPs)
             Began as a Spriggan Hunter on Oct 7, 2023.
             Mangled by a gnoll
             ... wielding a +0 halberd
              (15 damage)
             ... on level 6 of the Dungeon.
             The game lasted 00:04:48 (1629 turns).

monsoonserge the Shooter (Spriggan Hunter)          Turns: 1629, Time: 00:04:48

Health: -6/23      AC:  2    Str:  7    XL:     4   Next: 54%
Magic:  5/5        EV: 18    Int: 10    God:
Gold:   84         SH:  0    Dex: 20    Spells: 3/3 levels left

rFire   . . .        a - +0 shortbow
rCold   . . .        (shield currently unavailable)
rNeg    . . .        c - +0 robe
rPois   .            (helmet restricted)
rElec   .            (no cloak)
rCorr   .            (gloves unavailable)
SInv    +            (boots unavailable)
Will    .....        (no amulet)
Stlth   ++           (no ring)
HPRegen 0.23/turn    (no ring)
MPRegen 0.09/turn

%: no passive effects
@: marked, very quick
A: very small, no large weapons, unfitting armour, see invisible, speed 3
a: no special abilities


You were on level 6 of the Dungeon.
You visited 1 branch of the dungeon, and saw 4 of its levels.

You collected 84 gold pieces.

Inventory:

Hand Weapons
 a - a +0 shortbow (weapon)
Armour
 c - a +0 robe (worn)
 d - a +0 buckler
Jewellery
 i - an amulet of reflection
Scrolls
 b - a scroll of immolation
 e - a scroll of magic mapping
 g - a scroll of identify
Potions
 h - a potion of invisibility {unknown}


   Skills:
 + Level 2.0 Fighting
 + Level 5.5 Ranged Weapons
 + Level 3.4 Dodging
 + Level 1.5 Stealth


You had 3 spell levels left.
You didn't know any spells.
Your spell library contained the following spells:

 Spells                   Type           Power      Damage    Failure   Level
 Inner Flame              Hex/Fire       0%         N/A       75%         3
 Flame Wave               Conj/Fire      0%         2d4       98%         4
 Sticky Flame             Conj/Fire      0%         2d3       98%         4


Dungeon Overview and Level Annotations

Branches:
Dungeon (3/15)             Temple (0/1) D:6

Altars:

Shops:
D:2 =[[[

Annotations:
D:2 Sigmund


Innate Abilities, Weirdness & Mutations

You are very small and have problems with some larger weapons.
You are too small for most types of armour.
You have supernaturally acute eyesight. (SInv)
You cover ground extremely quickly. (Speed+++)


Message History

Aim: a gnoll, wielding a +0 flail (68% to hit)
You shoot an arrow. The arrow hits the sleepcap.
The sleepcap is severely damaged.
The sleepcap closely misses you.
As you read the scroll labelled MASTRI MITAA, it crumbles to dust.
It is a scroll of identify.
e - a scroll of magic mapping The sleepcap completely misses you.
Fire: a) +0 shortbow
Press: ? - help, Q - select action Shift-Dir - straight line, f/p - gnoll
Aim: a gnoll, wielding a +0 flail (68% to hit)
You shoot an arrow. The arrow hits the sleepcap!
You destroy the sleepcap!
A gnoll comes into view. It is wielding a +0 club.
A centaur comes into view.
The scorpion completely misses you.
Your Fighting skill increases to level 2!
As you read the scroll of fear, it crumbles to dust.
You assume a fearsome visage.
The centaur looks frightened!
The centaur resists with some effort.
The howler monkey looks frightened!
The scorpion looks frightened!
The ice beast looks frightened!
The gnoll looks frightened! x2
A gnoll comes into view. It is wielding a +0 halberd.
The ice beast seems to regain its courage.
Cornered, the centaur turns to fight!
Fire: a) +0 shortbow
Press: ? - help, Q - select action Shift-Dir - straight line, f - gnoll, p - gnoll
Aim: a gnoll, wielding a +0 halberd (69% to hit)
You shoot an arrow.
The arrow hits the gnoll but does no damage.
The gnoll closely misses you.
A kobold comes into view.
It is wielding a +0 short sword and quivering poisoned darts.
Cornered, the howler monkey turns to fight!
The gnoll hits you with a +0 halberd!
A kobold brigand comes into view.
It is wielding a +2 whip of electrocution and quivering poisoned darts.
Cornered, the scorpion turns to fight!
Found a scroll labelled RISAEGG XICS.
The gnoll hits you from afar with a +0 halberd!
Ouch! That really hurt!
You die...

## ?# #.. ... #.##..
..... #..# #####K##
##.g...g#############
#...##......s.hcc...#
#.Yg@############h#
#K.Y##.# #.# ##. #.#
#.# ... #.# ### #.#
#.....h.. ..........#
.....#..### ...#.##..


You could see 2 ice beasts, a kobold brigand, a scorpion, 2 gnolls and a kobold.

Vanquished Creatures
  A sleepcap (D:6)
  3 adders
  A worm (D:3)
  5 dart slugs
  2 ball pythons (D:1)
  An endoplasm (D:1)
  5 hobgoblins
  2 quokkas
  4 bats
  2 frilled lizards
  6 goblins
  5 kobolds
  5 rats
42 creatures vanquished.

Notes
Turn   | Place    | Note
-------+----------+-------------------------------------------
     0 | D:1      | monsoonserge the Spriggan Hunter began the quest for the
                  | Orb.
     0 | D:1      | Reached XP level 1. HP: 10/10 MP: 2/2
   115 | D:1      | Reached XP level 2. HP: 15/15 MP: 3/3
   826 | D:2      | Found Assun's Armour Shoppe.
   874 | D:2      | Found Juxt's Antique Armour Shoppe.
   883 | D:2      | Reached XP level 3. HP: 18/18 MP: 4/4
  1049 | D:2      | Reached skill level 5 in Ranged Weapons
  1082 | D:2      | Found Afefih's Antique Armour Emporium.
  1281 | D:2      | Found Dostusk's Jewellery Boutique.
  1291 | D:2      | Noticed Sigmund
  1452 | D:3      | Reached XP level 4. HP: 23/23 MP: 5/5
  1477 | D:3      | Found a faded altar of an unknown god.
  1592 | D:3      | You fall into a shaft and drop 3 floors!
  1601 | D:6      | Found a staircase to the Ecumenical Temple.
  1602 | D:6      | Noticed a scorpion
  1603 | D:6      | Noticed a centaur
  1614 | D:6      | Noticed an ice beast
  1620 | D:6      | Noticed an ice beast
  1623 | D:6      | Noticed a centaur
  1627 | D:6      | Noticed a kobold brigand
  1629 | D:6      | Mangled by a gnoll

Illustrated notes

Levels and vault maps discovered:
D:1:      pf_arrival_petrified_forest, layout_loops_corners,
          grunt_decor_resistance
D:2:      layout_basic, serial_shops, shop_fountains, nicolae_shop_behind_doors,
          nicolae_shop_gaudy_bauble, shop, uniq_sigmund
D:3:      layout_rooms, mainiacjoe_overflow_paths,
          dilly_ecumenical_altar_fadedgnrine, supply_closet_lemuel,
          serial_bayou_pond_e, serial_bayou_lagoon_a
D:6:      layout_loops_ring, minmay_temple_entry_tees, nzn_random_ring

Skill      XL: |  1  2  3  4 |
---------------+-------------+-----
Dodging        | 3 |  3.4
Ranged Weapons | 5 |  5.5
Fighting       | 2 |  2.0
Stealth        | |  1.5

Action                     |  1- 3 |  4- 6 || total
---------------------------+-------+-------++-------
   Fire: Shortbow          |   112 |    12 ||   124
    Use: Scroll            |       |     3 ||     3
 Armour: Robe              |     4 |     1 ||     5
  Dodge: Dodged            |    35 |     5 ||    40
